 Dungeon Crawl Stone Soup version 0.26.1-11-gd32895ea62 (webtiles) character file.

Game seed: 14485913226139895847

4515 infcreate the Covert (level 10, -12/56 HPs)
             Began as a Vampire Necromancer on June 8, 2021.
             Killed from afar by an electric eel (13 damage)
             ... with a bolt of electricity
             ... on level 9 of the Dungeon.
             The game lasted 00:37:27 (9773 turns).

infcreate the Covert (Vampire Necromancer)          Turns: 9773, Time: 00:37:28

Health: -12/56     AC:  5    Str:  7    XL:     10   Next: 16%
Magic:  16/16      EV: 17    Int: 25    God:
Gold:   309        SH:  0    Dex: 17    Spells: 4/18 levels left

rFire    . . .     SeeInvis +   x - +5 dagger (speed)
rCold    + + .     Faith    .   (no shield)
rNeg     + + +     Spirit   .   p - +0 robe (curse)
rPois    ∞         Reflect  .   (no helmet)
rElec    .         Harm     .   m - +1 cloak
rCorr    .         Rampage  .   y - +0 pair of gloves
Will     +....                  (no boots)
Stlth    ++++++++..             z - amulet of magic regeneration
HPRegen  0.00/turn              I - +6 ring of intelligence
MPRegen  0.40/turn              Q - ring of stealth

@: bloodless
A: fangs 3, see invisible, unbreathing
a: Bat Form, Revivify


You were on level 9 of the Dungeon.
You visited 2 branches of the dungeon, and saw 10 of its levels.

You collected 651 gold pieces.
You spent 342 gold pieces at shops.


Innate Abilities, Weirdness & Mutations

You do not regenerate when monsters are visible.
You are frail without blood (-20% HP).
You can heal yourself when you bite living creatures.
You are immune to poison.
You have razor-sharp teeth.
You have supernaturally acute eyesight. (SInv)
You can survive without breathing.


   Skills:
 + Level 4.0 Fighting
 * Level 7.1 Short Blades
 * Level 7.7 Dodging
 * Level 10.6 Stealth
 + Level 4.6 Spellcasting
 * Level 8.5 Necromancy


You had 4 spell levels left.
You knew the following spells:

 Your Spells              Type           Power        Failure   Level
a - Animate Skeleton      Necr           96%          1%          1
d - Animate Dead          Necr           24%          2%          4
p - Pain                  Necr           100%         1%          1
v - Vampiric Draining     Necr           24%          1%          3
y - Agony                 Necr           48%          7%          5

Your spell library contained the following spells:

 Spells                   Type           Power        Failure   Level
 Sting                    Tmut/Pois      20%          9%          1
 Poisonous Vapours        Pois/Air       10%          13%         2
 Ignite Poison            Fire/Tmut/Pois 5%           26%         3
 Mephitic Cloud           Conj/Pois/Air  5%           26%         3
 Olgreb's Toxic Radiance  Pois           5%           65%         4

Inventory:

Hand Weapons
 j - a +0 dagger of electrocution
 x - a +5 dagger of speed (weapon)
Armour
 m - a +1 cloak (worn)
 p - a cursed +0 robe (worn)
 y - a +0 pair of gloves (worn)
Jewellery
 d - a +6 ring of dexterity
 f - an uncursed ring of fire
 z - an amulet of magic regeneration (around neck)
 C - an uncursed ring of protection from cold
 F - an uncursed ring of fire
 I - a +6 ring of intelligence (left hand)
 O - a +4 ring of protection
 Q - a ring of stealth (right hand)
Wands
 a - a wand of paralysis (11)
 q - a wand of polymorph (19)
 H - a wand of flame (9)
Scrolls
 c - a scroll of magic mapping {unknown}
 e - 6 scrolls of identify {@r1}
 g - 2 scrolls of enchant armour
 h - 8 scrolls of remove curse {@r2}
 l - a scroll of enchant weapon {unknown}
 o - a scroll of fog
 r - 3 scrolls of amnesia
 t - 2 scrolls of teleportation {@r4}
 u - a scroll of fear
 v - a scroll of blinking
 A - a scroll of summoning {unknown}
 B - a scroll of torment {unknown}
 E - a scroll of vulnerability {unknown}
Potions
 b - 2 potions of flight
 i - a potion of ambrosia {unknown}
 k - 2 potions of mutation
 n - a potion of brilliance {unknown}
 s - a potion of cancellation
 w - 2 potions of might {unknown}
 D - a potion of heal wounds {@q2}
 G - 3 potions of curing {@q1}

Dungeon Overview and Level Annotations

Branches:
Dungeon (9/15)             Temple (1/1) D:5            Lair (0/6) D:8
    Orc: D:9-12

Altars:
Ashenzari
Cheibriados
Dithmenos
Elyvilon
Fedhas
Gozag
Hepliaklqana
Makhleb
Nemelex Xobeh
Okawaru
Qazlal
Ru
Sif Muna
Trog
Wu Jian
Xom
Yredelemnul
The Shining One

Shops:
D:7 ((?=( D:8

*
≈≈≈≈####.....≈≈≈≈≈≈≈≈≈≈≈
≈≈≈.(.†'.....≈≈≈≈≈≈≈≈≈;≈
.....###.....≈≈≈≈≈≈≈≈≈≈≈
.....# #.....#≈≈≈≈;≈≈≈≈≈
.....# #.....##≈≈≈≈≈≈≈≈#
.....# #.....##.≈≈≈≈≈≈#
.....# #.....##..;≈≈≈#
.....# #.....##..#≈≈##
.....# #.....##.@# .#
####.###.....##..# #
#.............#
############..# ##.# ..#
###


You could see 3 electric eels.


Message History

Magic restored.
Found a scroll labelled GYFUAD NAPEI.
An electric eel comes into view.
Unknown command.
An electric eel comes into view.
An electric eel comes into view.
The electric eel shoots out a bolt of lightning at you!
The bolt of electricity hits you!
The electric eel writhes in agony!
The electric eel shoots out a bolt of lightning at you!
The bolt of electricity misses you.
The electric eel shoots out a bolt of lightning at you!
The bolt of electricity hits you!
The electric eel shoots out a bolt of lightning at you!
The bolt of electricity hits you!
* * * LOW HITPOINT WARNING * * *
The electric eel shoots out a bolt of lightning at you!
The bolt of electricity hits you!
* * * LOW HITPOINT WARNING * * *
The electric eel shoots out a bolt of lightning at you!
The bolt of electricity hits the electric eel.
The electric eel completely resists.
The bolt of electricity misses you.
The electric eel shoots out a bolt of lightning at you!
The bolt of electricity hits the electric eel.
The electric eel completely resists.
The bolt of electricity hits you!
* * * LOW HITPOINT WARNING * * *
The electric eel shoots out a bolt of lightning at you!
The bolt of electricity hits the electric eel.
The electric eel completely resists.
The bolt of electricity hits you!
You die...

Skill      XL: |  1  2  3  4  5  6  7  8  9 10 |
---------------+-------------------------------+-----
Short Blades   | 1 2 3 4 5 6 7 |  7.1
Stealth        | 4 5 6 7 8 10 | 10.6
Dodging        | 3 4 5 6 7 |  7.7
Fighting       | 1 2 3 4 |  4.0
Necromancy     | 5 6 7 8 |  8.5
Spellcasting   | 3 4 |  4.6

Action                   |  1- 3 |  4- 6 |  7- 9 | 10-12 || total
-------------------------+-------+-------+-------+-------++-------
Melee: Dagger            |    30 |    78 |   225 |    34 ||   367
       Unarmed           |     4 |       |       |       ||     4
       Bite              |     1 |     5 |    17 |     4 ||    27
 Cast: Pain              |    20 |   100 |    98 |     4 ||   222
       Vampiric Draining |       |       |    26 |     1 ||    27
       Agony             |       |       |     2 |       ||     2
 Abil: Exsanguinate      |     1 |       |       |       ||     1
  Use: Scroll            |     2 |     4 |    11 |     1 ||    18
       Potion            |       |       |     1 |       ||     1
 Stab: Sleeping          |    11 |    19 |    23 |     5 ||    58
       Distracted        |       |     1 |       |       ||     1
Armor: Robe              |    13 |    12 |    32 |     2 ||    59
Dodge: Dodged            |    32 |    72 |   183 |    20 ||   307

Levels and vault maps discovered:
D:1:      elethiomel_arrival_infinity_welcomes_careful_drivers, layout_basic,
          minmay_pentomino_w4
D:2:      layout_rooms, chequers_ecumenical_altar_simple,
          minmay_misc_feat_roman, uniq_jessica, uniq_crazy_yiuf_cottage
D:3:      layout_loops_ring
D:4:      layout_basic
D:5:      layout_basic, temple_pool_b, st_stairs_5, serial_park_tiny_pond,
          minmay_pentangle
D:6:      wander_river, layout_rooms, nemelex_altar_shiori,
          general_overflow_altar
D:7:      layout_rooms, cheibriados_altar_2, serial_shops, nicolae_shop_trees,
          kennysheep_mini_moat, shop, nicolae_shop_statue_plus, shop,
          uniq_joseph
D:8:      layout_rooms, erik_lair_dragon, serial_shops, shop, uniq_maggie
D:9:      hangedman_screamer, layout_basic, chequers_temple_overflow_minitemple
Temple:   regret_index_temple_waves

Notes
Turn   | Place    | Note
-------+----------+-------------------------------------------
     0 | D:1      | infcreate the Vampire Necromancer began the quest for the
                  | Orb.
     0 | D:1      | Reached XP level 1. HP: 13/13 MP: 3/3
     2 | D:1      | Learned a level 1 spell: Animate Skeleton
   256 | D:1      | Reached XP level 2. HP: 15/15 MP: 0/5
   673 | D:1      | Reached skill level 1 in Short Blades
  1008 | D:2      | Noticed Jessica
  1050 | D:2      | Killed Jessica
  1051 | D:2      | Reached XP level 3. HP: 20/20 MP: 3/6
  1097 | D:2      | Reached skill level 4 in Stealth
  1162 | D:2      | Found a faded altar of an unknown god.
  1181 | D:2      | Reached skill level 3 in Dodging
  1281 | D:2      | Reached XP level 4. HP: 24/24 MP: 7/7
  1661 | D:2      | Reached skill level 1 in Fighting
  1736 | D:2      | Found a runed translucent door.
  1737 | D:2      | Noticed Crazy Yiuf
  1744 | D:2      | Killed Crazy Yiuf
  1745 | D:2      | Reached skill level 2 in Short Blades
  1745 | D:2      | Reached skill level 5 in Necromancy
  1745 | D:2      | Reached XP level 5. HP: 29/29 MP: 8/8
  1945 | D:2      | Learned a level 3 spell: Vampiric Draining
  2211 | D:3      | Reached skill level 5 in Stealth
  2567 | D:3      | Reached XP level 6. HP: 26/34 MP: 2/9
  2694 | D:3      | Learned a level 4 spell: Animate Dead
  2910 | D:4      | Reached skill level 4 in Dodging
  3202 | D:4      | Reached skill level 3 in Short Blades
  3681 | D:5      | Entered Level 5 of the Dungeon
  4434 | D:5      | Reached skill level 6 in Stealth
  4434 | D:5      | Reached XP level 7. HP: 39/39 MP: 11/11
  4440 | D:5      | Found a staircase to the Ecumenical Temple.
  4460 | Temple   | Entered the Ecumenical Temple
  4709 | D:5      | Reached skill level 2 in Fighting
  4819 | D:5      | Reached skill level 3 in Spellcasting
  4927 | D:5      | Reached skill level 6 in Necromancy
  5157 | D:5      | Reached skill level 4 in Short Blades
  5185 | D:5      | Reached skill level 5 in Dodging
  5572 | D:6      | Reached skill level 7 in Stealth
  5611 | D:6      | Reached XP level 8. HP: 45/45 MP: 12/12
  5653 | D:6      | Found a sparkling altar of Nemelex Xobeh.
  5711 | D:6      | Found a stormy altar of Qazlal.
  6150 | D:6      | Reached skill level 5 in Short Blades
  6150 | D:6      | Reached skill level 8 in Stealth
  6508 | D:7      | Found Jexaimi's Antique Weapon Shoppe.
  6517 | D:7      | Reached skill level 6 in Dodging
  6517 | D:7      | Reached skill level 7 in Necromancy
  6528 | D:7      | Noticed Joseph
  6561 | D:7      | Reached skill level 3 in Fighting
  6562 | D:7      | Noticed a torpor snail
  6564 | D:7      | Found a snail-covered altar of Cheibriados.
  6564 | D:7      | Noticed a torpor snail
  6566 | D:7      | Noticed a torpor snail
  6567 | D:7      | Found Toimofet's Magic Scroll Shop.
  6574 | D:7      | Bought a scroll of enchant armour for 90 gold pieces
  6597 | D:7      | Found Mupeone's Antique Weapon Emporium.
  6600 | D:7      | Bought a glowing dagger for 140 gold pieces
  7034 | D:7      | Found Eheac's Jewellery Emporium.
  7079 | D:7      | Found Murettar's Weapon Shoppe.
  7155 | D:7      | Reached XP level 9. HP: 50/50 MP: 10/14
  7765 | D:7      | Killed Joseph
  7766 | D:7      | Reached skill level 9 in Stealth
  7766 | D:7      | Reached skill level 4 in Spellcasting
  7988 | D:7      | Reached skill level 6 in Short Blades
  8089 | D:8      | Found Buemoyj's General Store.
  8094 | D:8      | Noticed a komodo dragon
  8097 | D:8      | Bought a scroll of enchant armour for 112 gold pieces
  8321 | D:8      | Noticed Maggie
  8581 | D:8      | Learned a level 5 spell: Agony
  8607 | D:8      | Killed a komodo dragon
  8608 | D:8      | Reached skill level 7 in Dodging
  8789 | D:8      | Killed Maggie
  8790 | D:8      | Reached skill level 10 in Stealth
  8790 | D:8      | Reached skill level 8 in Necromancy
  8815 | D:8      | HP: 5/52 [swamp drake (6)]
  8817 | D:8      | Found a staircase to the Lair.
  9058 | D:8      | Reached XP level 10. HP: 48/56 MP: 7/16
  9128 | D:8      | Reached skill level 4 in Fighting
  9128 | D:8      | Reached skill level 7 in Short Blades
  9320 | D:9      | HP: 4/56 [flying skull (5)]
  9773 | D:9      | HP: 1/56 [electric eel/bolt of electricity (14)]
  9773 | D:9      | Killed from afar by an electric eel

Vanquished Creatures
  Joseph (D:7)
  Maggie (D:8)
  2 komodo dragons (D:8)
  A wyvern (D:8)
  A basilisk (D:8)
  An orc warrior (D:7)
  A sky beast (D:7)
  2 black bears
  3 phantoms
  3 ogres
  2 centaurs
  3 bullfrogs
  A water moccasin zombie (D:6)
  2 scorpions
  5 killer bees (D:6)
  4 wights (D:9)
  A howler monkey (D:6)
  A centaur zombie (D:5)
  2 jellies
  A quasit (D:6)
  2 orc priests
  5 hounds
  A bullfrog skeleton (D:9)
  6 orc wizards
  Crazy Yiuf (D:2)
  Jessica (D:2)
  5 worker ants
  10 adders
  11 gnolls
  A shadow imp (D:6)
  2 white imps
  An ufetubus (D:6)
  An ooze (D:7)
  An adder zombie (D:6)
  An adder skeleton (D:4)
  3 worms (D:3)
  4 dart slugs
  6 leopard geckos
  20 orcs
  8 bats
  4 giant cockroaches
  10 goblins
  4 hobgoblins
  19 jackals
  7 quokkas
  A ball python (D:6)
  4 frilled lizards
  9 kobolds
  A quokka zombie (D:5)
  12 rats
199 creatures vanquished.

Vanquished Creatures (others)
  A basilisk (D:8)
  A swamp drake (D:8)
2 creatures vanquished.

Grand Total: 201 creatures vanquished

Table legend: (Time is in decaauts)
 A = Elapsed time spent in this place.
 B = Non-inter-level travel time spent in this place.
 C = Inter-level travel time spent in this place.
 D = Time resting spent in this place.
 E = Time spent auto-exploring this place.
 F = Levels seen in this place.
 G = Mean time per level.
                   A        B        C        D        E       F      G
               +--------+--------+--------+--------+--------+-----+--------+
         Total |   9699 |   8449 |   1250 |   3469 |      0 |  10 |  969.9 |
       Dungeon |   9560 |   8368 |   1192 |   3469 |      0 |   9 | 1062.2 |
        Temple |    139 |     81 |     58 |      0 |      0 |   1 |  139.0 |
               +--------+--------+--------+--------+--------+-----+--------+

Top non-repeatable levels by time:
     D:6: 1675 daAuts
     D:4: 1465 daAuts
     D:8: 1433 daAuts
     D:1: 1027 daAuts
     D:5: 1022 daAuts
     D:3: 939 daAuts
     D:2: 930 daAuts
     D:7: 849 daAuts
     D:9: 214 daAuts
  Temple: 139 daAuts

Table legend:
 A = Non-vault XP
 B = Vault XP
 C = Vault XP percentage of total XP
 D = Non-vault monster count
 E = Vault monster count
 F = Vault count percentage of total count
                 A         B        C        D         E       F
            +---------+---------+-------+---------+---------+-------
      Total |    4246 |    2205 |  34.2 |     181 |      20 |  10.0
            +---------+---------+-------+---------+---------+-------
        D:1 |      32 |       6 |  15.8 |      17 |       5 |  22.7
        D:2 |     148 |      74 |  33.3 |      27 |       2 |   6.9
        D:3 |     187 |       0 |   0.0 |      37 |       0 |   0.0
        D:4 |     185 |       0 |   0.0 |      15 |       0 |   0.0
        D:5 |     467 |     200 |  30.0 |      14 |       6 |  30.0
        D:6 |     967 |       0 |   0.0 |      32 |       0 |   0.0
        D:7 |    1026 |     455 |  30.7 |      20 |       1 |   4.8
        D:8 |     772 |    1470 |  65.6 |      10 |       6 |  37.5
        D:9 |     462 |       0 |   0.0 |       9 |       0 |   0.0
            +---------+---------+-------+---------+---------+-------
